 Dungeon Crawl Stone Soup version 0.30-a0-626-gd6a5dd7a1f (webtiles) character file.

Game seed: 2054464640723257420

5847 Leeroy the Fencer (level 10, -3/58 (60) HPs)
             Began as a Merfolk Gladiator on Jan 11, 2023.
             Was an Elder of Hepliaklqana.
             Slain by a soul eater (5 damage)
             ... summoned by a kobold demonologist
             ... on level 9 of the Dungeon.
             The game lasted 00:13:10 (7269 turns).

Leeroy the Fencer (Merfolk Gladiator)               Turns: 7269, Time: 00:13:10

HP:   -3/58 (60)    AC:  8    Str: 15    XL:     10   Next: 80%
MP:   10/10         EV: 21    Int:  8    God:    Hepliaklqana [****..]
Gold: 545           SH:  0    Dex: 19    Spells: 9/9 levels left

rFire   . . .      SeeInvis .    P - +3 falchion
rCold   + . .      Faith    .    (no shield)
rNeg    . . .      Spirit   .    g - +0 steam dragon scales
rPois   .          Reflect  .    c - +0 helmet
rElec   .          Harm     .    (no cloak)
rCorr   .          Rampage  .    v - +1 pair of gloves
Will    +....                    (no boots)
Stlth   ++                       y - amulet of regeneration
HPRegen 1.09/turn                p - ring of protection from cold
MPRegen 0.12/turn                D - ring of willpower

@: studying Ranged Weapons, lightly drained, invisible
A: reduced essence, (nimble swimmer 2), mertail
a: Renounce Religion, Recall Ancestor, Ancestor Identity, Transference, Idealise


You were on level 9 of the Dungeon.
You worshipped Hepliaklqana.
Hepliaklqana was greatly pleased with you.
You visited 2 branches of the dungeon, and saw 10 of its levels.

You collected 545 gold pieces.

Inventory:

Hand Weapons
 a - a +0 long sword
 z - a +2 short sword of holy wrath
 L - a +0 rapier
 N - a +0 rapier
 P - a +3 falchion (weapon)
Missiles
 d - 2 throwing nets (quivered)
 e - a javelin
Armour
 b - a +0 leather armour
 c - a +0 helmet (worn)
 g - +0 steam dragon scales (worn)
 r - a +0 pair of gloves
 u - a +0 pair of gloves
 v - a +1 pair of gloves (worn)
 G - a +1 robe of cold resistance
 K - +0 pearl dragon scales
Jewellery
 p - a ring of protection from cold (left hand)
 y - an amulet of regeneration (around neck)
 D - a ring of willpower (right hand)
 R - a ring of fire
Wands
 w - a wand of iceblast (9)
 F - a wand of polymorph (4)
 S - a wand of quicksilver (7)
Scrolls
 f - 15 scrolls of identify {unknown}
 h - 2 scrolls of fear {unknown}
 m - 2 scrolls of summoning {unknown}
 n - 3 scrolls of blinking {unknown}
 o - 2 scrolls of magic mapping {unknown}
 s - a scroll of poison {unknown}
 x - 2 scrolls of teleportation {unknown}
 I - a scroll of torment {unknown}
 J - 2 scrolls of enchant armour {unknown}
 M - a scroll of fog {unknown}
 O - a scroll of immolation {unknown}
 Q - 2 scrolls of amnesia {unknown}
Potions
 i - 3 potions of haste {unknown}
 j - 2 potions of ambrosia {unknown}
 k - a potion of magic {unknown}
 l - 2 potions of might {unknown}
 q - a potion of flight {unknown}
 t - 2 potions of mutation {unknown}
 A - 2 potions of invisibility
 B - 3 potions of attraction {unknown}
 C - a potion of cancellation {unknown}
 E - 3 potions of degeneration {unknown}
 H - 2 potions of curing
 T - a potion of lignification {unknown}


   Skills:
 - Level 2.2 Fighting
 - Level 15.1 Long Blades
 - Level 2.0 Throwing
 + Level 13.0 Dodging
 - Level 1.1 Evocations


You had 9 spell levels left.
You didn't know any spells.
Your spell library contained the following spells:

 Spells                   Type           Power      Damage    Failure   Level
 Apportation              Tloc           0%         N/A       41%         1
 Necrotise                Necr           0%         1d4       41%         1
 Summon Small Mammal      Summ           0%         N/A       41%         1
 Cigotuvi's Dreadful Rot  Necr/Pois/Air  0%         N/A       54%         2
 Gell's Gravitas          Tloc           0%         N/A       78%         3
 Teleport Other           Tloc           0%         N/A       78%         3
 Conjure Ball Lightning   Conj/Air       0%         3x3d6     100%        6
 Dispersal                Tloc           0%         N/A       100%        6
 Discord                  Hex            0%         N/A       100%        8
 Disjunction              Tloc           0%         N/A       100%        8


Dungeon Overview and Level Annotations

Branches:
Dungeon (9/15)             Temple (1/1) D:5
   Lair: D:8-11         Orc: D:9-12

Altars:
Cheibriados
Dithmenos
Elyvilon
Fedhas
Gozag
Hepliaklqana
Kikubaaqudgha
Makhleb
Nemelex Xobeh
Okawaru
Ru
Sif Muna
Trog
Uskayaw
Vehumet
Wu Jian
Xom
Yredelemnul
Zin
The Shining One

Shops:
D:4 *   D:5 *


Innate Abilities, Weirdness & Mutations

Your life essence is reduced to manifest your ancestor. (-10% HP)
((You are very nimble when in or above water. (Stealth+, EV+, Speed+++)))
Your lower body shifts to a powerful aquatic tail in water.


Message History

The iron imp disappears in a puff of smoke!
The hellwing completely misses you. The hellwing closely misses you.
Xochitl hits the hellwing with a +0 quarterstaff!
Your Dodging skill increases to level 13!
Press: ? - help, v - describe, . - travel
Here: a soul eater (summoned)
The floor.
Okay, then.
You feel better. The hellwing hits you.
* * * LOW HITPOINT WARNING * * *
The hellwing misses you.
The kobold brigand closely misses Xochitl.
Xochitl hits the hellwing but does no damage.
The soul eater barely misses you.
You hit the kobold demonologist but do no damage.
The kobold demonologist hits you with a +1 vampiric dagger.
* * * LOW HITPOINT WARNING * * *
The kobold brigand closely misses Xochitl.
Xochitl hits the hellwing but does no damage.
You hit the kobold demonologist.
The kobold demonologist is lightly wounded.
The soul eater hits you but does no damage.
You hit the kobold demonologist.
The kobold demonologist is lightly wounded.
The kobold demonologist hits you but does no damage.
Xochitl hits the kobold demonologist with a +0 quarterstaff!
You catch the helpless kobold demonologist completely off-guard!
You hit the kobold demonologist.
The kobold demonologist is heavily wounded.
The kobold demonologist shouts!
The soul eater barely misses you.
The kobold brigand completely misses you.
The kobold demonologist misses you.
You slash the kobold demonologist!
The kobold demonologist is heavily wounded.
Xochitl hits the hellwing with a +0 quarterstaff.
The soul eater hits you!
* * * LOW HITPOINT WARNING * * *
You feel drained.
You die...

####### ......# ...
....... #.... ยงยง.....
.. ....### ##......#
##.###.....# #.......#
#......#...####)).)...#
#...)....#.#.@KR......#
#......#.....3K4...####
#...).............?#
#...)..#.#.......$.#
#...)..............#
##......#...........#
..........#.....>.....#
...#......#...........#
....####....#.###..##.#


You could see the friendly Xochitl the battlemage, a soul eater (summoned), a
hellwing (summoned, unable to see you, ally target), a kobold demonologist
(unable to see you) and a kobold brigand (unable to see you).

Vanquished Creatures
  Pikel (D:6)
  The ghost of emiel the Changer, a novice NaTm (D:7)
  Grinder (D:6)
  Sigmund (D:3)
  2 steam dragons (D:7)
  3 ice beasts (D:7)
  2 sky beasts
  2 kobold brigands
  Blork the orc (D:5)
  3 bullfrogs
  2 necrophages (D:6)
  A scorpion (D:7)
  3 wights (D:7)
  Dowan (D:4)
  9 killer bees
  A howler monkey (D:8)
  2 jellies
  3 orc priests
  2 hounds
  Jessica (D:3)
  3 iguanas
  4 orc wizards (D:7)
  Ijyb (D:3)
  3 gnolls
  7 adders
  A shadow imp (D:7)
  An ufetubus (D:5)
  A worm (D:2)
  5 dart slugs
  20 orcs
  10 endoplasms
  4 giant cockroaches
  6 goblins
  4 hobgoblins
  15 kobolds
  2 quokkas
  8 ball pythons
  5 bats
  7 frilled lizards
  9 rats
158 creatures vanquished.

Vanquished Creatures (collateral kills)
  A kobold demonologist (D:9)
  A hornet (D:8)
  Duvessa (D:4)
  Edmund (D:5)
  An orc warrior (D:7)
  A black bear (D:6)
  2 sky beasts
  A centaur (D:5)
  2 kobold brigands
  2 bullfrogs (D:7)
  2 gnoll sergeants
  A scorpion (D:4)
  A wight (D:7)
  A killer bee (D:8)
  2 hounds (D:7)
  A jelly (D:4)
  2 gnoll boudas
  4 iguanas
  4 orc wizards
  6 gnolls
  An adder (D:5)
  3 shadow imps
  A white imp (D:6)
  2 ufetubi
  A worm (D:5)
  16 orcs
  2 hobgoblins (D:4)
  7 kobolds
  A ball python (D:4)
71 creatures vanquished.

Vanquished Creatures (others)
  A kobold demonologist (D:9)
  A battlemage (D:7)
  9 plants (D:2)
11 creatures vanquished.

Grand Total: 240 creatures vanquished

Notes
Turn   | Place    | Note
-------+----------+-------------------------------------------
     0 | D:1      | Leeroy the Merfolk Gladiator began the quest for the Orb.
     0 | D:1      | Reached XP level 1. HP: 16/16 MP: 1/1
   182 | D:1      | Reached skill level 4 in Long Blades
   213 | D:1      | Reached XP level 2. HP: 22/22 MP: 2/2
   867 | D:2      | Reached skill level 5 in Long Blades
   867 | D:2      | Reached XP level 3. HP: 22/27 MP: 3/3
   900 | D:2      | Found a radiant altar of Vehumet.
  1298 | D:2      | Reached XP level 4. HP: 33/33 MP: 4/4
  1411 | D:2      | Reached skill level 6 in Long Blades
  1680 | D:3      | Found an iron altar of Okawaru.
  1849 | D:3      | Found a glowing silver altar of Zin.
  1849 | D:3      | Found a glowing golden altar of the Shining One.
  1906 | D:3      | Reached XP level 5. HP: 37/38 MP: 5/5
  1970 | D:3      | Reached skill level 7 in Long Blades
  2000 | D:3      | Noticed Jessica
  2006 | D:3      | Killed Jessica
  2020 | D:3      | Reached XP level 6. HP: 38/44 MP: 6/6
  2103 | D:3      | Found a faded altar of an unknown god.
  2240 | D:3      | Reached skill level 8 in Long Blades
  2326 | D:3      | Noticed Ijyb
  2337 | D:3      | Killed Ijyb
  2513 | D:3      | Noticed Sigmund
  2573 | D:3      | Killed Sigmund
  2574 | D:3      | Reached skill level 9 in Long Blades
  2574 | D:3      | Reached XP level 7. HP: 19/50 MP: 7/7
  2696 | D:3      | Prayed at the altar of an unknown god.
  2696 | D:3      | Became a worshipper of Hepliaklqana the Forgotten
  2696 | D:3      | Reached * piety under Hepliaklqana
  2739 | D:4      | Found a radiant altar of Vehumet.
  2855 | D:4      | Found Xitosyt's Gadget Gallery.
  3138 | D:4      | Reached ** piety under Hepliaklqana
  3139 | D:4      | Remembered your ancestor Xochitl as a battlemage
  3308 | D:4      | Found a shimmering blue altar of Sif Muna.
  3308 | D:4      | Noticed Dowan
  3314 | D:4      | Killed Dowan
  3315 | D:4      | Reached skill level 10 in Long Blades
  3322 | D:4      | Noticed Duvessa
  3328 | D:4      | Killed Duvessa
  3415 | D:4      | Got Sif Muna's Guidebook on Rancid Voltage
  3420 | D:4      | Found a bloodstained altar of Trog.
  3484 | D:4      | Found a blossoming altar of Fedhas.
  3539 | D:5      | Entered Level 5 of the Dungeon
  3618 | D:5      | Found a white marble altar of Elyvilon.
  3854 | D:5      | Reached skill level 11 in Long Blades
  3854 | D:5      | Reached XP level 8. HP: 49/50 MP: 8/8
  4146 | D:5      | Found Petagafu's Assorted Antiques.
  4200 | D:5      | Found a staircase to the Ecumenical Temple.
  4252 | D:5      | Noticed Edmund
  4252 | D:5      | Noticed Blork the orc
  4259 | D:5      | Killed Edmund
  4260 | D:5      | Reached skill level 1 in Evocations
  4262 | D:5      | Killed Blork the orc
  4441 | Temple   | Entered the Ecumenical Temple
  4592 | D:6      | Reached skill level 12 in Long Blades
  4840 | D:6      | Noticed Grinder
  4849 | D:6      | Killed Grinder
  4850 | D:6      | Reached skill level 13 in Long Blades
  4854 | D:6      | Noticed Pikel
  4863 | D:6      | Killed Pikel
  4864 | D:6      | Reached skill level 14 in Long Blades
  4864 | D:6      | Reached XP level 9. HP: 47/54 MP: 9/9
  5102 | D:6      | Reached *** piety under Hepliaklqana
  5340 | D:7      | Reached skill level 15 in Long Blades
  5382 | D:7      | Reached skill level 5 in Dodging
  5543 | D:7      | Reached XP level 10. HP: 60/60 MP: 10/10
  5792 | D:7      | Found a runed translucent gate.
  5793 | D:7      | Found a runed translucent gate.
  5846 | D:7      | Reached skill level 10 in Dodging
  5912 | D:7      | Found a runed translucent gate.
  5915 | D:7      | Noticed emiel's ghost (novice NaTm)
  5932 | D:7      | Killed emiel's ghost
  6040 | D:7      | Found an opulent altar of Gozag.
  6041 | D:7      | Found a sparkling altar of Nemelex Xobeh.
  6188 | D:7      | Found a basalt altar of Yredelemnul.
  6562 | D:8      | Paralysed by a hornet for 2 turns
  6612 | D:8      | Reached **** piety under Hepliaklqana
  6802 | D:8      | Found a hazy altar of Hepliaklqana.
  6889 | D:8      | Found an ornate altar of the Wu Jian Council.
  7234 | D:9      | Noticed a kobold demonologist
  7235 | D:9      | Noticed a kobold demonologist
  7237 | D:9      | Noticed a kobold demonologist
  7247 | D:9      | Noticed a smoke demon
  7250 | D:9      | Noticed a smoke demon
  7260 | D:9      | Killed a kobold demonologist
  7262 | D:9      | Noticed a soul eater
  7263 | D:9      | Killed a kobold demonologist
  7269 | D:9      | HP: 2/60 [soul eater[a kobold demonologist] (14)]
  7269 | D:9      | Slain by a soul eater

Illustrated notes

Levels and vault maps discovered:
D:1:      saegor_arrival_under_anarchy, layout_basic, serial_rivers,
          chequers_serial_rivers_room_a, chequers_serial_rivers_micro_d,
          chequers_serial_rivers_room_b, chequers_serial_rivers_micro_a,
          chequers_serial_rivers_small_b, chequers_serial_rivers_small_3,
          serial_bayou_pond_d, minmay_tetromino_s2
D:2:      layout_loops_ring, basic_altar, serial_bayou_pond_b
D:3:      minmay_chambers_of_threes, layout_basic, okawaru_ov_weapons_minmay,
          jmf_multi_god_temple, ebering_ecumenical_altar_abandoned,
          minmay_diced_spiral, uniq_sigmund, uniq_jessica, uniq_ijyb
D:4:      layout_cave_pools, mainiacjoe_overflow_surrounded_room,
          mainiacjoe_overflow_tiny_flanked,
          nzn_overflow_gifts_of_might_and_magic, st_stairs_6,
          nicolae_shop_gadgets
D:5:      layout_basic, mainiacjoe_overflow_six_doors_small,
          minmay_temple_entry_poolview, serial_shops,
          nicolae_shop_window_shopping, chequers_jeans, minmay_manual_mess,
          uniq_edmund, uniq_blork_the_orc
D:6:      layout_basic, palyth_stone_intersect, uniq_grinder, uniq_pikel
D:7:      minmay_s_stair_smasher, layout_loops_ring,
          grunt_temple_overflow_opulence, kennysheep_mini,
          ebering_ghost_rock_garden, eino_small_chamber_without_monster
D:8:      layout_cave_pools, mainiacjoe_overflow_brackets,
          mainiacjoe_overflow_small_starburst, minmay_puff
D:9:      layout_rooms, kennysheep_mini_moat, david_orc_5, uniq_erolcha
Temple:   nicolae_temple_ecumenical_triangle

Skill      XL: |  1  2  3  4  5  6  7  8  9 10 |
---------------+-------------------------------+-----
Long Blades    | 4 5 6 7 9 11 14 15 | 15.1
Evocations     | 1 |  1.1
Dodging        | 8 13 | 13.0
Fighting       | |  2.2
Throwing       | |  2.0

Action                   |  1- 3 |  4- 6 |  7- 9 | 10-12 || total
-------------------------+-------+-------+-------+-------++-------
Melee: Long sword        |   101 |   147 |   225 |    32 ||   505
       Punch             |     1 |     1 |     5 |     4 ||    11
       Short sword       |       |       |     6 |    19 ||    25
       Falchion          |       |       |       |   145 ||   145
Throw: Throwing net      |       |     6 |     2 |       ||     8
Invok: Ancestor Life: Ba |       |       |     1 |       ||     1
       Ancestor Identity |       |       |     1 |       ||     1
Evoke: Wand              |       |       |     1 |       ||     1
  Use: Potion            |       |     5 |     5 |     2 ||    12
 Stab: Sleeping          |     2 |     1 |     1 |       ||     4
       Distracted        |       |     2 |     3 |     4 ||     9
       Held in net/web   |       |     2 |     3 |       ||     5
       Invisible         |       |       |       |     1 ||     1
Armor: Leather armour    |    23 |    43 |    31 |       ||    97
       Steam dragon scal |       |       |     3 |    53 ||    56
Dodge: Dodged            |    76 |   104 |   123 |   180 ||   483

Table legend: (Time is in decaauts)
 A = Elapsed time spent in this place.
 B = Non-inter-level travel time spent in this place.
 C = Inter-level travel time spent in this place.
 D = Time resting spent in this place.
 E = Time spent auto-exploring this place.
 F = Levels seen in this place.
 G = Mean time per level.
                   A        B        C        D        E       F      G
               +--------+--------+--------+--------+--------+-----+--------+
         Total |   7140 |   6712 |    428 |      0 |   5198 |  10 |  714.0 |
       Dungeon |   7093 |   6670 |    423 |      0 |   5161 |   9 |  788.1 |
        Temple |     47 |     42 |      5 |      0 |     37 |   1 |   47.0 |
               +--------+--------+--------+--------+--------+-----+--------+

Top non-repeatable levels by time:
     D:7: 1200 daAuts
     D:3: 1147 daAuts
     D:5: 929 daAuts
     D:2: 820 daAuts
     D:4: 806 daAuts
     D:1: 768 daAuts
     D:6: 728 daAuts
     D:8: 639 daAuts
     D:9: 51 daAuts
  Temple: 47 daAuts
